 Dungeon Crawl Stone Soup version 0.30-a0-1066-g63dfefce0d (webtiles) character file.

Game seed: 10562413300149073588

177 funkygono the Chopper (level 5, 0/47 HPs)
             Began as a Minotaur Fighter on Apr 12, 2023.
             Succumbed to an orc wizard's poison
             ... on level 3 of the Dungeon.
             The game lasted 00:02:33 (2178 turns).

funkygono the Chopper (Minotaur Fighter)            Turns: 2178, Time: 00:02:34

Health: 0/47       AC:  7    Str: 22    XL:     5   Next: 31%
Magic:  4/4        EV:  9    Int:  5    God:
Gold:   175        SH:  4    Dex: 10    Spells: 4/4 levels left

rFire   . . .      SeeInvis .    a - +0 war axe
rCold   . . .      Faith    .    c - +0 buckler
rNeg    . . .      Spirit   .    b - +0 scale mail
rPois   .          Reflect  .    (helmet restricted)
rElec   .          Rampage  .    (no cloak)
rCorr   .                        (no gloves)
Will    .....                    (no boots) Stlth
                                 (no amulet)
HPRegen 0.27/turn                (no ring)
MPRegen 0.09/turn                (no ring)

@: mighty, lethally poisoned (0 -> -20)
A: horns 2, retaliatory headbutt
a: no special abilities


You were on level 3 of the Dungeon.
You visited 1 branch of the dungeon, and saw 3 of its levels.

You collected 175 gold pieces.

Inventory:

Hand Weapons
 a - a +0 war axe (weapon)
Missiles
 n - 2 throwing nets (quivered)
 q - 4 boomerangs
Armour
 b - a +0 scale mail (worn)
 c - a +0 buckler (worn)
Wands
 r - a wand of paralysis (5)
Scrolls
 e - a scroll of vulnerability {unknown}
 f - 4 scrolls of identify {unknown}
 h - a scroll of enchant armour {unknown}
 j - a scroll of teleportation {unknown}
 k - 2 scrolls of poison {unknown}
 o - a scroll of fog {unknown}
 p - a scroll of enchant weapon {unknown}
 t - a scroll of immolation {unknown}
Potions
 g - 3 potions of attraction {unknown}
 i - a potion of berserk rage {unknown}
 l - a potion of curing {unknown}
 m - 2 potions of resistance {unknown}
 s - a potion of lignification {unknown}


   Skills:
 + Level 4.4 Fighting
 + Level 4.9 Axes
 + Level 4.8 Armour
 + Level 0.6 Dodging
 + Level 4.0 Shields


You had 4 spell levels left.
You didn't know any spells.
Your spell library contained the following spells:

 Spells                   Type           Power      Damage    Failure   Level
 Lesser Beckoning         Tloc           0%         N/A       95%         2
 Gell's Gravitas          Tloc           0%         N/A       99%         3
 Teleport Other           Tloc           0%         N/A       99%         3


Dungeon Overview and Level Annotations

Branches:
Dungeon (3/15)

Altars:

Shops:
D:1 *


Innate Abilities, Weirdness & Mutations

You have a pair of horns on your head.
You reflexively headbutt those who attack you in melee.


Message History

The puff of flame hits you. The orc hits you with a +0 short sword.
The orc priest looks satisfied for a moment.
The orc attacks as you move away! The orc hits you but does no damage.
The orc priest barely misses you.
Unknown command.
The orc blocks your attack. x2
The orc priest invokes the aid of Beogh against you.
Beogh smites you! The orc hits you but does no damage.
The orc priest hits you but does no damage.
You block the orc's attack. The orc blocks your attack.
The orc hits you but does no damage. The orc priest closely misses you.
You closely miss the orc. You slash the orc!
You kill the orc!
You hit the orc wizard. The orc hits you but does no damage.
The orc priest hits you from afar with a +0 trident!
The orc wizard casts a spell at you. You resist with some effort.
Unknown command.
The orc blocks your attack. x2; You hit the orc wizard.
An orc comes into view. It is wielding a +0 falchion.
The orc barely misses you.
The orc wizard hits you but does no damage.
You are poisoned.
The orc priest barely misses you.
The orc wizard hits you with a +1 dagger of venom.
You are lethally poisoned!
The orc priest hits you from afar with a +0 trident.
* * * LOW HITPOINT WARNING * * *
The orc hits you but does no damage.
You barely miss the orc. You closely miss the orc wizard.
* * * LOW HITPOINT WARNING * * *
You feel very sick.
The orc wizard hits you but does no damage.
You are more poisoned.
The orc hits you but does no damage.
The orc priest hits you from afar with a +0 trident.
* * * LOW HITPOINT WARNING * * *
You feel very mighty all of a sudden.
You die...

#....#..#
........ #
......## ## #.
...... ... #.
....####.##.
#. ..........
#o#)o......
#..@...# .#
.#####o#.##.#
..........#.#
.###
#.#.#......#
.... #.....†##
##...
##......###..#
#.......#...#
#.#.###..#..#
#...##
##.#..###.#


You could see an orc priest, an orc wizard and an orc.

Vanquished Creatures
  Ijyb (D:3)
  4 adders
  3 gnolls (D:2)
  4 worms (D:2)
  2 dart slugs
  An orc (D:3)
  4 ball pythons
  5 bats
  5 endoplasms
  4 giant cockroaches
  6 hobgoblins
  15 jackals
  3 kobolds
  A quokka (D:1)
  A frilled lizard (D:1)
  4 goblins
  3 rats
66 creatures vanquished.

Notes
Turn   | Place    | Note
-------+----------+-------------------------------------------
     0 | D:1      | funkygono the Minotaur Fighter began the quest for the Orb.
     0 | D:1      | Reached XP level 1. HP: 19/19 MP: 0/0
   137 | D:1      | Reached XP level 2. HP: 24/27 MP: 1/1
   206 | D:1      | Found Heoggug's Assorted Antiques.
   367 | D:1      | Reached XP level 3. HP: 33/33 MP: 2/2
  1323 | D:2      | Reached XP level 4. HP: 22/40 MP: 3/3
  2021 | D:3      | Reached XP level 5. HP: 41/47 MP: 4/4
  2059 | D:3      | Noticed Ijyb
  2061 | D:3      | Paralysed by Ijyb for 3 turns
  2066 | D:3      | Killed Ijyb
  2178 | D:3      | Succumbed to an orc wizard's poison

Illustrated notes

Levels and vault maps discovered:
D:1:      minmay_arrival_stair_chambers, layout_basic, serial_shops,
          nicolae_shop_window_shopping, hex_tiny
D:2:      layout_loops_ring
D:3:      layout_loops_ring, uniq_ijyb

Skill      XL: |  1  2  3  4 |
---------------+-------------+-----
Fighting       | 4 |  4.4
Armour         | 4 |  4.8
Axes           | 3 4 |  4.9
Shields        | 4 |  4.0
Dodging        | |  0.6

Action                     |  1- 3 |  4- 6 || total
---------------------------+-------+-------++-------
  Melee: War axe           |    85 |    71 ||   156
         Headbutt          |    10 |    12 ||    22
    Use: Potion            |       |     1 ||     1
 Armour: Scale mail        |    39 |    35 ||    74
  Dodge: Dodged            |    49 |    23 ||    72
  Block: Buckler           |    12 |    19 ||    31

Table legend: (Time is in decaauts)
 A = Elapsed time spent in this place.
 B = Non-inter-level travel time spent in this place.
 C = Inter-level travel time spent in this place.
 D = Time resting spent in this place.
 E = Time spent auto-exploring this place.
 F = Levels seen in this place.
 G = Mean time per level.
                   A        B        C        D        E       F      G
               +--------+--------+--------+--------+--------+-----+--------+
         Total |   2233 |   2220 |     13 |      0 |   1752 |   3 |  744.3 |
       Dungeon |   2233 |   2220 |     13 |      0 |   1752 |   3 |  744.3 |
               +--------+--------+--------+--------+--------+-----+--------+

Top non-repeatable levels by time:
     D:1: 944 daAuts
     D:2: 891 daAuts
     D:3: 397 daAuts
